 Dungeon Crawl Stone Soup version 0.29-a0-409-gd843f3a (webtiles) character file.

Game seed: 3806596693295570686

96873 Illumine the Sharpshooter (level 16, -37/122 HPs)
             Began as a Barachi Hunter on May 12, 2022.
             Was the Champion of Hepliaklqana.
             Annihilated by a titanic slime creature (99 damage)
             ... on level 14 of the Dungeon.
             The game lasted 00:45:48 (22062 turns).

Illumine the Sharpshooter (Barachi Hunter)         Turns: 22062, Time: 00:45:48

Health: -37/122    AC:  8    Str: 16    XL:     16   Next: 18%
Magic:  25/25      EV: 25    Int: 13    God:    Hepliaklqana [******]
Gold:   2532       SH:  0    Dex: 26    Spells: 19/27 levels left

rFire   . . .      SeeInvis .   a - +7 arbalest (flame)
rCold   + . .      Faith    +   (shield currently unavailable)
rNeg    + + .      Spirit   .   q - +1 leather armour {rC+}
rPois   +          Reflect  .   w - +0 helmet {Int+3}
rElec   .          Harm     .   (no cloak)
rCorr   .          Rampage  .   (no gloves)
Will    +....                   r - +2 pair of boots
Stlth   ++........              y - amulet of Iwanilin {Faith +Blink rPois Str+2 Dex+4}
HPRegen 0.30/turn               e - ring of positive energy
MPRegen 0.19/turn               o - ring of positive energy

@: studying 3 skills, slow
A: reduced essence, amphibious, slowness 1, strong legs 2, +LOS
a: Hop, Renounce Religion, Evoke Blink, Recall Ancestor, Ancestor Identity,
Transference, Idealise


You were on level 14 of the Dungeon.
You worshipped Hepliaklqana.
Hepliaklqana was exalted by your worship.
You visited 3 branches of the dungeon, and saw 21 of its levels.

You collected 2617 gold pieces.
You spent 85 gold pieces at shops.

Inventory:

Hand Weapons
 a - a +7 arbalest of flaming (weapon)
 b - the +9 whip of the Lusting Gods {antimagic, rF+ rN+ Will+}
   (You took it off an orc wizard on level 7 of the Dungeon)

   It reduces the magical energy of the wielder, and disrupts the spells and
   magical abilities of those it strikes.
   Natural abilities and divine invocations are not affected.
   rF:        It protects you from fire.
   rN:        It protects you from negative energy.
   Will:      It increases your willpower.
 D - a +1 scimitar of flaming
 J - the +8 whip "Snakebite" {venom, curare, rPois}
   (You found it on level 2 of the Lair of Beasts)

   It poisons the flesh of those it strikes.
   It occasionally inflicts asphyxiating poison on those it strikes, dealing
   poison damage and causing slowness.
   rPois:     It protects you from poison.
Armour
 q - a +1 leather armour of cold resistance (worn)
 r - a +2 pair of boots (worn)
 w - a +0 helmet of intelligence (worn)
 W - the +5 robe of Misfortune {Harm *Corrode *Slow EV+5}
   (You found it on level 6 of the Lair of Beasts)

   EV:        It affects your evasion (+5).
   *Corrode:  It may corrode you when you take damage.
   *Slow:     It may slow you when you take damage.
   Harm:      It increases damage dealt and taken.
Jewellery
 c - a +6 ring of strength
 e - a ring of positive energy (left hand)
 o - a ring of positive energy (right hand)
 y - the amulet of Iwanilin (around neck) {Faith +Blink rPois Str+2 Dex+4}
   (You acquired it on level 7 of the Dungeon)

   [amulet of faith]

   It allows you to gain divine favour quickly.
   Str:       It affects your strength (+2).
   Dex:       It affects your dexterity (+4).
   rPois:     It protects you from poison.
   +Blink:    It lets you blink.
 C - a ring of ice
 E - a ring of positive energy
 O - a +6 ring of intelligence
 T - a ring of positive energy
 X - a +6 ring of strength
 Y - an amulet of reflection
Wands
 d - a wand of flame (23)
 G - a wand of mindburst (8)
 L - a wand of acid (8)
 Q - a wand of iceblast (13)
 R - a wand of charming (25)
 S - a wand of digging (5)
 U - a wand of paralysis (14)
Scrolls
 f - 4 scrolls of poison
 i - 7 scrolls of vulnerability
 k - 5 scrolls of amnesia
 l - 4 scrolls of magic mapping
 n - 4 scrolls of teleportation
 x - 6 scrolls of enchant armour {unknown}
 B - 8 scrolls of blinking
 F - a scroll of brand weapon {unknown}
 I - 4 scrolls of fear
 M - 5 scrolls of immolation
 P - 4 scrolls of fog
Potions
 g - 7 potions of attraction
 h - a potion of brilliance {unknown}
 j - a potion of invisibility {unknown}
 m - a potion of magic {unknown}
 p - 10 potions of heal wounds
 s - 8 potions of curing
 t - 8 potions of mutation
 u - 4 potions of lignification
 v - 2 potions of cancellation {unknown}
 z - 4 potions of degeneration {unknown}
 A - 5 potions of haste
 H - 2 potions of might
 K - 2 potions of ambrosia {unknown}
 V - 3 potions of flight {unknown}
Miscellaneous
 N - a lightning rod (4/4)


   Skills:
 + Level 15.4 Fighting
 - Level 7.0 Maces & Flails
 - Level 4.1 Polearms
 - Level 16.0 Crossbows
 + Level 14.1 Dodging
 - Level 0.8 Stealth
 + Level 6.1 Spellcasting
 + Level 0.1 Hexes
 + Level 3.0 Translocations
 - Level 3.8 Transmutations
 - Level 3.4 Earth Magic
 - Level 9.0 Invocations
 - Level 11.0 Evocations


You had 19 spell levels left.
You knew the following spells:

 Your Spells              Type           Power      Damage    Failure   Level
a - Petrify               Tmut/Erth      13%        N/A       41%         4
b - Apportation           Tloc           22%        N/A       6%          1
c - Portal Projectile     Hex/Tloc       16%        N/A       32%         3

Your spell library contained the following spells:

 Spells                   Type           Power      Damage    Failure   Level
 Blink                    Tloc           22%        N/A       9%          2
 Lesser Beckoning         Tloc           11%        N/A       17%         3
 Animate Skeleton         Necr           6%         N/A       21%         1
 Shock                    Conj/Air       12%        1d3       21%         1
 Summon Small Mammal      Summ           12%        N/A       21%         1
 Static Discharge         Conj/Air       3%         N/A       30%         2
 Sublimation of Blood     Necr           3%         N/A       30%         2
 Stone Arrow              Conj/Erth      16%        3d8       30%         3
 Passage of Golubria      Tloc           11%        N/A       50%         4
 Summon Guardian Golem    Hex/Summ       4%         N/A       52%         3
 Swiftness                Air            3%         N/A       52%         3
 Animate Armour           Summ/Erth      16%        N/A       69%         4
 Blade Hands              Tmut           7%         N/A       75%         5
 Manifold Assault         Tloc           11%        N/A       85%         5
 Cause Fear               Hex            2%         N/A       88%         4
 Airstrike                Air            1%         N/A       90%         4
 Dispel Undead            Necr           3%         3d7       90%         4
 Olgreb's Toxic Radiance  Pois           3%         N/A       90%         4
 Sticky Flame             Conj/Fire      3%         2d3       90%         4
 Irradiate                Conj/Tmut      4%         3d14      95%         5
 Excruciating Wounds      Necr           1%         N/A       99%         5
 Silence                  Hex/Air        2%         N/A       99%         5
 Dispersal                Tloc           5%         N/A       100%        6
 Dragon Form              Tmut           7%         N/A       100%        7
 Orb of Destruction       Conj           1%         9d5       100%        7
 Ozocubu's Refrigeration  Ice            1%         4d5       100%        7
 Spellforged Servitor     Conj/Summ      1%         N/A       100%        7
 Disjunction              Tloc           5%         N/A       100%        8
 Infestation              Necr           1%         N/A       100%        8
 Lehudib's Crystal Spear  Conj/Erth      4%         10d3      100%        8
 Dragon's Call            Summ           1%         N/A       100%        9


Dungeon Overview and Level Annotations

Branches:
Dungeon (14/15)            Temple (0/1) D:7            Lair (6/6) D:8
  Swamp (0/4) Lair:2       Spider (0/4) Lair:2        Slime (0/5) Lair:5
    Orc (1/2) D:9
 Vaults: D:13-14

Altars:
Ashenzari
Hepliaklqana
Makhleb
Nemelex Xobeh
Qazlal
Uskayaw

Shops:
D:2 [   D:12 [

Annotations:
Lair:4 Nessos
Orc:1 Jorgrun


Innate Abilities, Weirdness & Mutations

Your life essence is reduced to manifest your ancestor. (-10% HP)
You are amphibious.
You cover ground slowly.
You can hop long distances.
You have an extended range of vision and can be seen from far away.


Message History

The enormous slime creature is lightly wounded.
Two slime creatures merge to form a titanic slime creature.
Unknown command.
You shoot a bolt. Tenoch avoids your attack.
The bolt hits the titanic slime creature!!
The bolt burns the titanic slime creature.
The titanic slime creature is lightly wounded.
Tenoch hits the titanic slime creature with a +0 broad axe of flaming!!
Tenoch burns the titanic slime creature.
Unknown command.
You shoot a bolt. Tenoch avoids your attack.
The bolt hits the titanic slime creature!!
The bolt burns the titanic slime creature!
The titanic slime creature is moderately wounded.
Tenoch hits the titanic slime creature with a +0 broad axe of flaming!
Tenoch burns the titanic slime creature.
Tenoch blocks the titanic slime creature's attack.
You shoot a bolt. Tenoch avoids your attack.
The bolt hits the titanic slime creature!
The bolt burns the titanic slime creature!
The titanic slime creature is heavily wounded.
Tenoch hits the titanic slime creature with a +0 broad axe of flaming!
Tenoch burns the titanic slime creature.
The titanic slime creature hits Tenoch!!!!
Tenoch is destroyed!
You shoot a bolt.
The bolt hits the titanic slime creature!!
The bolt burns the titanic slime creature.
The titanic slime creature is severely wounded.
You shoot a bolt.
The bolt hits the titanic slime creature!!
The bolt burns the titanic slime creature!
The titanic slime creature is severely wounded.
The titanic slime creature hits you!!!
Ouch! That really hurt!
Unknown command.
The titanic slime creature attacks as you move away!
The titanic slime creature misses you. The titanic slime creature hits you!!!!
Ouch! That really hurt!
You die...

#........#.#.. ###
#.....#..#.#.#####<##
#........#.#....#JJ.#
.........<......#.♣.#
.#.......#.#.#..#...#
≈....#...#.#....##.##
≈...(....#.##..###J##
##..###..#......#J..#
### ##.######.@.♣.+
... ###...# #.. ##+##
##


You could see a titanic slime creature and a slime creature.

Vanquished Creatures
  Gastronok (D:9)
  The ghost of Giibl3ts the Basher, a journeyman MiMo of Makhleb (Lair:1)
  Fannar (Lair:1)
  5 boulder beetles
  Erolcha (D:9)
  9 hydras
  4 centaur warriors
  A catoblepas (D:14)
  2 two-headed ogres
  A death knight (D:13)
  Erica (D:8)
  Urug (Lair:6)
  7 death yaks (Lair:6)
  A tengu warrior (D:13)
  Nergalle (Lair:4)
  7 skeletal warriors
  2 goliath frogs (Lair:6)
  2 orc knights
  A wizard (D:13)
  A deep elf pyromancer (D:11)
  5 manticores
  9 elephants
  7 ugly things
  4 cyclopes
  3 black mambas
  16 cane toads
  A gargoyle (D:10)
  6 komodo dragons
  Maggie (D:7)
  4 efreet
  2 rime drakes
  A meliai (Lair:2)
  A merfolk (shapeshifter) (D:14)
  A tyrant leech (Lair:6)
  4 trolls
  A hornet (D:8)
  A polar bear (Lair:5)
  31 blink frogs
  8 slime creatures
  3 dream sheep (Lair:6)
  2 vampires
  A wraith (D:11)
  4 wyverns
  3 centaur simulacra (D:11)
  39 yaks
  2 shadows
  6 basilisks
  4 hogs (Lair:6)
  5 water elementals
  9 vampire mosquitoes
  Menkaure (D:7)
  2 swamp worms (Lair:2)
  20 water moccasins
  2 acid dragons
  An ice beast (D:11)
  A swamp drake (Lair:2)
  7 orc warriors
  5 black bears
  13 wolves
  3 ogres
  The ghost of AnyaLaVert the Poker, an amateur MfGl of Wu Jian (D:3)
  3 boggarts (D:14)
  9 centaurs
  5 kobold brigands
  2 phantoms
  Blork the orc (D:4)
  13 bullfrogs
  2 necrophages (D:6)
  3 scorpions
  12 wights
  4 killer bees
  6 electric eels
  9 howler monkeys
  A lava snake (Lair:3)
  8 crimson imps (D:7)
  A centaur zombie (D:3)
  7 hounds
  A bullfrog zombie (D:3)
  7 orc priests
  11 jellies
  6 iguanas
  15 orc wizards
  3 gnolls (D:4)
  11 adders
  8 white imps
  A howler monkey simulacrum (D:11)
  3 ufetubi
  2 dart slugs (D:3)
  31 orcs
  7 ball pythons
  21 endoplasms
  2 giant cockroaches (D:2)
  9 goblins
  6 hobgoblins
  4 jackals (D:2)
  21 kobolds
  2 quokkas (D:1)
  4 bats
  6 frilled lizards
  10 rats
  3 fungi (D:7)
570 creatures vanquished.

Vanquished Creatures (collateral kills)
  Kirke (Lair:6)
  A hydra (Lair:6)
  A centaur warrior (D:13)
  3 two-headed ogres
  A death knight (D:13)
  2 death yaks (Lair:6)
  2 skeletal warriors
  3 ugly things (D:14)
  6 elephants
  Maurice (D:9)
  3 cane toads
  2 komodo dragons
  An unseen horror (D:11)
  3 blink frogs
  A slime creature (Lair:5)
  2 tyrant leeches (Lair:6)
  2 dream sheep (Lair:6)
  13 yaks
  2 shadows (D:11)
  2 wyverns
  A wraith (D:11)
  A hog (Lair:6)
  3 vampire mosquitoes
  A water moccasin (Lair:2)
  2 ice beasts
  3 black bears (Lair:1)
  An orc warrior (D:11)
  A boggart (D:14)
  3 wolves (Lair:4)
  4 bullfrogs
  2 wights
  A wyvern skeleton (D:3)
  5 killer bees
  An electric eel (Lair:6)
  The ghost of Caerwyn the Digger, a weakling DsEE (D:4)
  2 orc priests
  An adder (Lair:2)
  A white imp (D:11)
  4 orcs
  5 kobolds
  A butterfly (Lair:4)
96 creatures vanquished.

Vanquished Creatures (others)
  An ugly thing (D:11)
  A human (Lair:6)
  11 knights
  An ancestor (D:7)
  2 bushes
  52 fungi
  119 plants
187 creatures vanquished.

Grand Total: 853 creatures vanquished

Notes
Turn   | Place    | Note
-------+----------+-------------------------------------------
     0 | D:1      | Illumine the Barachi Hunter began the quest for the Orb.
     0 | D:1      | Reached XP level 1. HP: 17/17 MP: 1/1
   106 | D:1      | Reached XP level 2. HP: 18/23 MP: 2/2
   608 | D:1      | Reached XP level 3. HP: 28/28 MP: 3/3
   796 | D:2      | Reached skill level 5 in Crossbows
   892 | D:2      | Found Xawusak's Antique Armour Boutique.
  1008 | D:2      | Found a faded altar of an unknown god.
  1713 | D:3      | Found a transporter.
  1716 | D:3      | Noticed AnyaLaVert's ghost (amateur MfGl)
  1725 | D:3      | Reached XP level 4. HP: 34/34 MP: 4/4
  1928 | D:3      | Reached skill level 6 in Crossbows
  2218 | D:2      | Bought a dyed leather armour for 85 gold pieces
  2311 | D:3      | Found a transporter.
  2372 | D:4      | Reached XP level 5. HP: 6/39 MP: 5/5
  2683 | D:4      | Noticed Caerwyn's ghost (weakling DsEE)
  2685 | D:4      | Found a runed translucent gate.
  2686 | D:4      | Found a runed translucent gate.
  2686 | D:4      | Found a runed translucent gate.
  2977 | D:4      | Reached XP level 6. HP: 47/47 MP: 6/6
  3377 | D:4      | Noticed Blork the orc
  3386 | D:4      | Killed Blork the orc
  3619 | D:4      | Reached skill level 7 in Crossbows
  3703 | D:5      | Entered Level 5 of the Dungeon
  3793 | D:5      | Reached XP level 7. HP: 53/53 MP: 7/7
  3807 | D:5      | Reached skill level 1 in Polearms
  4541 | D:5      | Reached skill level 5 in Fighting
  4541 | D:5      | Reached XP level 8. HP: 38/62 MP: 8/8
  4849 | D:6      | Reached skill level 5 in Dodging
  4962 | D:6      | Found a sparkling altar of Nemelex Xobeh.
  4963 | D:6      | Found a burning altar of Makhleb.
  4963 | D:6      | Found a stormy altar of Qazlal.
  4980 | D:6      | Reached skill level 8 in Crossbows
  4985 | D:6      | Identified the +1 ring mail "Leiceli" {Int+4}
  5018 | D:6      | Found a hazy altar of Hepliaklqana.
  5030 | D:6      | Became a worshipper of Hepliaklqana the Forgotten
  5634 | D:7      | Identified 2 scrolls of acquirement
  5635 | D:7      | Acquired a +3 arbalest of flaming
  5636 | D:7      | Acquired the amulet of Iwanilin {Faith +Blink rPois Str+2
                  | Dex+4}
  5674 | D:7      | Noticed Maggie
  5679 | D:7      | Killed Maggie
  5680 | D:7      | Reached XP level 9. HP: 60/71 MP: 9/9
  5774 | D:7      | Reached skill level 9 in Crossbows
  6015 | D:7      | Reached * piety under Hepliaklqana
  6110 | D:7      | Identified the +9 whip of the Lusting Gods {antimagic, rF+
                  | rN+ Will+}
  6117 | D:7      | Reached skill level 10 in Crossbows
  6125 | D:7      | Found a staircase to the Ecumenical Temple.
  6205 | D:7      | Reached XP level 10. HP: 72/72 MP: 10/10
  6238 | D:7      | Reached skill level 1 in Maces & Flails
  6442 | D:7      | Noticed Menkaure
  6444 | D:7      | Killed Menkaure
  6739 | D:8      | Noticed Erica
  6751 | D:8      | Killed Erica
  6752 | D:8      | Reached skill level 1 in Invocations
  7140 | D:8      | Reached skill level 11 in Crossbows
  7411 | D:8      | Found a staircase to the Lair.
  7420 | Lair:1   | Entered Level 1 of the Lair of Beasts
  7420 | Lair:1   | Noticed a seven-headed hydra
  7420 | Lair:1   | Reached ** piety under Hepliaklqana
  7438 | D:8      | Remembered your ancestor Tenoch as a knight
  7445 | Lair:1   | Killed a seven-headed hydra
  7457 | Lair:1   | Noticed a cane toad
  7470 | Lair:1   | Noticed Fannar
  7471 | Lair:1   | Killed a cane toad
  7483 | Lair:1   | Reached XP level 11. HP: 80/80 MP: 11/13
  7493 | Lair:1   | Killed Fannar
  7609 | Lair:1   | Reached skill level 12 in Crossbows
  7712 | Lair:1   | Reached skill level 5 in Maces & Flails
  7799 | Lair:1   | Reached skill level 10 in Fighting
  7992 | Lair:1   | Found a runed translucent door.
  7995 | Lair:1   | Noticed Giibl3ts's ghost (journeyman MiMo)
  8263 | Lair:2   | Noticed a seven-headed hydra
  8270 | Lair:2   | Killed a seven-headed hydra
  8448 | Lair:2   | Reached XP level 12. HP: 88/88 MP: 15/15
  8518 | Lair:2   | Found a hole to the Spider Nest.
  8587 | Lair:2   | Noticed a five-headed hydra
  8603 | Lair:2   | Killed a five-headed hydra
  8895 | Lair:2   | Reached skill level 13 in Crossbows
  8948 | Lair:2   | Reached *** piety under Hepliaklqana
  9081 | Lair:2   | Found the +8 whip "Snakebite" {venom, curare, rPois}
  9203 | Lair:2   | Noticed an eight-headed hydra
  9210 | Lair:2   | Killed an eight-headed hydra
  9211 | Lair:2   | Reached skill level 10 in Dodging
  9217 | Lair:2   | Noticed an eight-headed hydra
  9223 | Lair:2   | Killed an eight-headed hydra
  9600 | Lair:2   | Found a staircase to the Swamp.
 10131 | Lair:3   | Noticed a death yak
 10131 | Lair:3   | Noticed a death yak
 10134 | Lair:3   | Noticed a death yak
 10148 | Lair:3   | Noticed a death yak
 10148 | Lair:3   | Noticed a death yak
 10364 | D:3      | Reached skill level 14 in Crossbows
 10365 | D:3      | Killed AnyaLaVert's ghost
 10366 | D:3      | Reached skill level 1 in Evocations
 10464 | D:4      | Killed Caerwyn's ghost
 10693 | D:9      | Noticed Gastronok
 10753 | D:9      | Gained mutation: You can hop long distances. [Barachi
                  | growth]
 10753 | D:9      | Reached XP level 13. HP: 23/96 MP: 16/16
 10985 | D:9      | Killed Gastronok
 11169 | D:9      | Noticed Erolcha
 11260 | D:9      | Killed Erolcha
 11345 | D:9      | Found a staircase to the Orcish Mines.
 11360 | Orc:1    | Entered Level 1 of the Orcish Mines
 11366 | Orc:1    | Noticed Jorgrun
 11605 | D:9      | Acquired a manual of Evocations
 11738 | D:9      | Reached **** piety under Hepliaklqana
 12067 | D:9      | Noticed Maurice
 12081 | D:9      | Killed Maurice
 12128 | D:10     | Entered Level 10 of the Dungeon
 12406 | D:10     | Reached skill level 5 in Invocations
 12637 | D:10     | Reached skill level 15 in Crossbows
 12710 | D:10     | Reached ***** piety under Hepliaklqana
 12998 | D:10     | Reached skill level 5 in Evocations
 13152 | Lair:3   | Identified the +3 leather armour of Sunlight {rF- MP+9
                  | SInv}
 13740 | Lair:4   | Found a hide-covered altar of Uskayaw.
 14171 | Lair:4   | Reached XP level 14. HP: 82/104 MP: 18/18
 14331 | Lair:4   | Noticed Nergalle
 14357 | Lair:4   | Killed Nergalle
 14553 | Lair:4   | Noticed Nessos
 15568 | Lair:5   | Found a staircase to the Slime Pits.
 15663 | Lair:6   | Entered Level 6 of the Lair of Beasts
 15734 | Lair:5   | Reached skill level 16 in Crossbows
 16276 | Lair:6   | Noticed Kirke
 16625 | Lair:6   | Killed Kirke
 17266 | Lair:6   | Reached skill level 10 in Evocations
 17273 | Lair:6   | Reached XP level 15. HP: 113/113 MP: 20/20
 17295 | Lair:6   | Noticed Urug
 17300 | Lair:6   | Killed Urug
 17344 | Lair:6   | Found the +5 robe of Misfortune {Harm *Corrode *Slow EV+5}
 17822 | Lair:6   | Reached ****** piety under Hepliaklqana
 18058 | Lair:1   | Killed Giibl3ts's ghost
 18269 | D:11     | Reached skill level 1 in Spellcasting
 18641 | D:11     | Learned a level 4 spell: Petrify
 19089 | D:11     | Reached skill level 1 in Transmutations
 19113 | D:11     | Reached skill level 1 in Earth Magic
 19432 | D:12     | Reached skill level 15 in Fighting
 19658 | D:12     | Got the Catalogue of Nocuous Sinister Secrets
 19831 | D:12     | Found Rubodd Oloa's Armour Emporium.
 19873 | D:12     | Found a hide-covered altar of Uskayaw.
 20018 | D:13     | Learned a level 1 spell: Apportation
 20242 | D:13     | Got the Reference Book on Freezing Lightness
 20512 | D:12     | Reached skill level 1 in Translocations
 20672 | D:13     | Reached skill level 5 in Spellcasting
 20685 | D:14     | Found a broken altar of Ashenzari.
 21308 | D:14     | Reached XP level 16. HP: 122/122 MP: 21/24
 21974 | D:14     | Learned a level 3 spell: Portal Projectile
 22062 | D:14     | Annihilated by a titanic slime creature

Illustrated notes

Levels and vault maps discovered:
D:1:      lightli_arrival_quake, layout_loops_ring, minmay_tetromino_o4
D:2:      layout_loops_ring, serial_shops, shop,
          shapermc_ecumenical_altar_flowoftime, minmay_tripent
D:3:      layout_basic, gammafunk_ghost_mausoleum
D:4:      layout_basic, gammafunk_ghost_split, minmay_misc_feat_five,
          nicolae_zen_rock_garden, uniq_blork_the_orc
D:5:      layout_rooms, minmay_tree_intersection, minmay_manual_moon
D:6:      layout_basic, grunt_temple_overflow_open
D:7:      lemuel_slime, layout_loops_corners, minmay_temple_entry_slanted,
          corexii_item_surrounded_by_moat, minmay_nine_imps, uniq_menkaure,
          uniq_maggie
D:8:      layout_cave_pods, grunt_lair_entry_orc_guard_hut,
          ploomutoo_gammafunk_ghost_potion_laboratory, uniq_erica
D:9:      cheibrodos_iron_armory, layout_basic, orc_0_dummy,
          minmay_misc_feat_enclosed, uniq_erolcha, uniq_gastronok, uniq_maurice
D:10:     minmay_angry_zag, layout_irregular_city
D:11:     hangedman_cross_cluster, layout_irregular_city, serial_ice,
          serial_ice_m, serial_ice_i, serial_ice_e, serial_ice_d, serial_ice_g,
          serial_ice_f, serial_ice_n, serial_ice_c, serial_ice_b, serial_ice_o
D:12:     layout_stronghold, serial_shops, nicolae_shop_hallway_stairs,
          eat_drink_and_be_merry_uskayaw
D:13:     layout_cave_pools, kennysheep_path_1, nicolae_rejected_hall
D:14:     layout_basic, grunt_vaults_entry_fortified,
          nicolae_ashenzari_panopticon, grunt_ministairs_5
Lair:1:   layout_roguey, ebering_ghost_reflecting_pool,
          nicolae_quartered_pool_super, eino_small_chamber_without_monster,
          beast_lair_carwin_10, lemuel_fruit_tree, uniq_fannar
Lair:2:   minmay_guarded_unrand_snakebite, layout_loops_ring,
          palyth_hydra_swamp_entry, hellmonk_spider_entry_not_the_bees, pond,
          grunt_megastairs_3
Lair:3:   layout_gridlike, chequers_serial_rivers_marsh
Lair:4:   layout_cellular_growth, basic_altar, infiniplex_staircase_pool_2,
          serial_bayou_shore_b, lemuel_fruit_fields, uniq_nessos, uniq_nergalle
Lair:5:   layout_loops_ring, minmay_slime_entry_pillars, grunt_megastairs_4,
          serial_bayou_shore_b
Lair:6:   minmay_lair_end_frog_pond, layout_regular_city, serial_bayou_shore_a,
          infiniplex_staircase_pool, uniq_kirke, uniq_urug
Orc:1:    layout_caves, rock_pile, uniq_jorgrun

Skill      XL: |  1  2  3  4  5  6  7  8  9 10 11 12 13 14 15 16 |
---------------+-------------------------------------------------+-----
Crossbows      | 5 6 7 8 10 11 12 14 15 16 | 16.0
Fighting       | 3 5 6 8 9 10 11 12 14 15 | 15.4
Dodging        | 3 4 6 7 8 9 10 11 13 14 | 14.1
Polearms       | 2 4 |  4.1
Maces & Flails | 3 5 6 7 |  7.0
Invocations    | 2 4 5 7 8 9 |  9.0
Evocations     | 2 6 10 11 | 11.0
Spellcasting   | 5 6 |  6.1
Transmutations | 3 |  3.8
Earth Magic    | 2 3 |  3.4
Translocations | 2 3 |  3.0
Stealth        | |  0.8
Hexes          | |  0.1

Action                   |  1- 3 |  4- 6 |  7- 9 | 10-12 | 13-15 | 16-18 || total
-------------------------+-------+-------+-------+-------+-------+-------++-------
Melee: Glaive            |       |       |    46 |       |       |       ||    46
       Hand crossbow     |       |       |     3 |       |       |       ||     3
 Fire: Hand crossbow     |    93 |   138 |   142 |       |       |       ||   373
       Arbalest          |       |       |    60 |   375 |   846 |    73 ||  1354
Invok: Recall Ancestor   |       |       |       |     2 |     8 |       ||    10
       Ancestor Life: Kn |       |       |       |     1 |       |       ||     1
 Abil: Hop               |       |     3 |     1 |     3 |     6 |       ||    13
Evoke: Lightning rod     |       |       |       |     2 |     2 |       ||     4
       Wand              |       |       |       |     1 |       |       ||     1
  Use: Scroll            |       |     4 |     5 |     3 |    15 |     2 ||    29
       Potion            |       |       |       |     4 |       |       ||     4
Armor: Leather armour    |     5 |    17 |    54 |    27 |    66 |       ||   169
Dodge: Dodged            |    13 |    39 |   104 |   106 |   384 |     4 ||   650

Table legend: (Time is in decaauts)
 A = Elapsed time spent in this place.
 B = Non-inter-level travel time spent in this place.
 C = Inter-level travel time spent in this place.
 D = Time resting spent in this place.
 E = Time spent auto-exploring this place.
 F = Levels seen in this place.
 G = Mean time per level.
                   A        B        C        D        E       F      G
               +--------+--------+--------+--------+--------+-----+--------+
         Total |  24784 |  22765 |   2019 |   4812 |  13896 |  21 | 1180.2 |
       Dungeon |  16095 |  14736 |   1359 |   2854 |   9194 |  14 | 1149.6 |
          Lair |   8668 |   8008 |    660 |   1958 |   4695 |   6 | 1444.7 |
  Orcish Mines |     20 |     20 |      0 |      0 |      6 |   1 |   20.0 |
               +--------+--------+--------+--------+--------+-----+--------+

Top non-repeatable levels by time:
  Lair:5: 2289 daAuts
  Lair:2: 1816 daAuts
     D:9: 1766 daAuts
     D:4: 1535 daAuts
    D:14: 1443 daAuts
     D:7: 1399 daAuts
  Lair:6: 1342 daAuts
    D:11: 1246 daAuts
     D:3: 1192 daAuts
     D:5: 1138 daAuts
  Lair:3: 1095 daAuts
  Lair:1: 1083 daAuts
  Lair:4: 1041 daAuts
    D:12: 1011 daAuts
    D:10: 978 daAuts
